 Dungeon Crawl Stone Soup version 0.30-a0-250-g41c1d76940 (webtiles) character file.

Game seed: 15715309679053883756

17505 IdlyInterested the Reanimator (level 12, 0/88 HPs)
             Began as a Demonspawn Wanderer on Oct 12, 2022.
             Was an Initiate of Makhleb.
             Slain by a death yak (1 damage)
             ... on level 1 of the Lair of Beasts.
             The game lasted 00:40:08 (10189 turns).

IdlyInterested the Reanimator (DsWn)               Turns: 10189, Time: 00:40:09

Health: 0/88       AC: 17    Str: 10    XL:     12   Next: 19%
Magic:  13/13      EV: 14    Int: 14    God:    Makhleb [......]
Gold:   207        SH:  0    Dex: 33    Spells: 8/13 levels left

rFire   . . .      SeeInvis .    h - +5 triple sword of the Clean God {venom, Dex+7}
rCold   . . .      Faith    .    (shield currently unavailable)
rNeg    + . .      Spirit   .    q - +2 ring mail {rN+}
rPois   .          Reflect  .    R - +2 hat {Will+}
rElec   .          Harm     .    E - +0 cloak
rCorr   .          Rampage  .    k - +0 pair of gloves
Will    +....                    (no boots)
Stlth   ++++......               O - amulet of magic regeneration
HPRegen 0.34/turn                o - +4 ring of protection
MPRegen 0.53/turn                D - +6 ring of dexterity

@: mighty
A: powered by death 3, spiny 1, sharp scales 2, demonic touch 1
a: Renounce Religion


You were on level 1 of the Lair of Beasts.
You worshipped Makhleb.
Makhleb was noncommittal.
You visited 3 branches of the dungeon, and saw 11 of its levels.

You collected 581 gold pieces.
You spent 374 gold pieces at shops.

Inventory:

Hand Weapons
 h - the +5 triple sword of the Clean God (weapon) {venom, Dex+7}
   (You acquired it on level 2 of the Dungeon)

   It poisons the flesh of those it strikes.
   Dex:       It affects your dexterity (+7).
 w - a +2 scimitar of flaming
Missiles
 g - a boomerang
 x - 49 poisoned darts
 C - 3 silver boomerangs
 M - 2 silver javelins
Armour
 k - a +0 pair of gloves (worn)
 q - a +2 ring mail of positive energy (worn)
 r - a +3 buckler
 A - a +0 helmet
 E - a +0 cloak (worn)
 F - the +0 ring mail of the Lute {Will+}
   (You bought it in a shop on level 4 of the Dungeon)

   Will:      It increases your willpower.
 Q - a +1 robe of cold resistance
 R - a +2 hat of willpower (worn)
Magical Staves
 B - a staff of fire
Jewellery
 a - a ring of see invisible
 d - a ring of willpower
 o - a +4 ring of protection (left hand)
 p - a ring of fire
 D - a +6 ring of dexterity (right hand)
 O - an amulet of magic regeneration (around neck)
Wands
 y - a wand of flame (39)
 H - a wand of roots (6)
 K - a wand of light (17)
Scrolls
 b - 3 scrolls of fear
 c - a scroll of silence
 e - 5 scrolls of teleportation
 t - a scroll of amnesia
 u - a scroll of acquirement
 I - a scroll of enchant armour
 J - 3 scrolls of fog
 L - a scroll of brand weapon
 N - a scroll of poison
Potions
 f - 2 potions of heal wounds
 i - 5 potions of flight
 j - 4 potions of cancellation
 m - 8 potions of curing
 n - a potion of haste
 s - 2 potions of brilliance
 v - a potion of berserk rage
 G - a potion of ambrosia
 P - a potion of invisibility


   Skills:
 - Level 6.2 Fighting
 - Level 1.2(4.7) Short Blades
 * Level 7.4 Long Blades
 - Level 4.0 Dodging
 - Level 6.0 Stealth
 - Level 1.0 Spellcasting
 - Level 9.0 Conjurations
 - Level 9.0 Hexes
 + Level 9.2 Necromancy
 + Level 4.4 Evocations


You had 8 spell levels left.
You knew the following spells:

 Your Spells              Type           Power      Damage    Failure   Level
a - Kiss of Death         Conj/Necr      100%       2d13      1%          1
b - Anguish               Hex/Necr       13%        N/A       16%         4

Your spell library contained the following spells:

 Spells                   Type           Power      Damage    Failure   Level
 Stone Arrow              Conj/Erth      26%        3d8       32%         3
 Beastly Appendage        Tmut           0%         N/A       56%         1
 Sting                    Tmut/Pois      0%         1d3       56%         1
 Blink                    Tloc           0%         N/A       71%         2
 Poisonous Vapours        Pois/Air       0%         N/A       71%         2
 Wereblood                Tmut           0%         N/A       71%         2
 Spider Form              Tmut/Pois      0%         N/A       90%         3
 Manifold Assault         Tloc           0%         N/A       100%        4
 Olgreb's Toxic Radiance  Pois           0%         N/A       100%        4
 Summon Lightning Spire   Summ/Air       0%         N/A       100%        4
 Enfeeble                 Hex            12%        N/A       100%        7
 Storm Form               Tmut/Air       0%         N/A       100%        7
 Maxwell's Capacitive Co  Air            0%         ∞         100%        8


Dungeon Overview and Level Annotations

Branches:
Dungeon (9/15)             Temple (1/1) D:5            Lair (1/5) D:9
    Orc: D:9-12

Altars:
Ashenzari
Cheibriados
Dithmenos
Fedhas
Gozag
Hepliaklqana
Kikubaaqudgha
Makhleb
Nemelex Xobeh
Okawaru
Qazlal
Ru
Sif Muna
Trog
Uskayaw
Vehumet
Wu Jian
Xom
Yredelemnul

Shops:
D:3 *   D:4 [

Annotations:
Lair:1 1 transporter, Amyuvoew's ghost, novice MiFi


Innate Abilities, Weirdness & Mutations

You regenerate a lot of health from kills.
You are partially covered in sharp spines.
You are mostly covered in razor-sharp scales. (AC +2, Slay +2)
Your touch may inflict minor irresistible damage on your foes.


Message History

There is a transporter here.
You feel very mighty all of a sudden.
You enter the transporter and appear at another place.
The six-headed hydra is struck by your spines.
The six-headed hydra bites you!
The six-headed hydra bites you but does no damage.
The six-headed hydra completely misses you.
The six-headed hydra bites you.
The six-headed hydra barely misses you. x2
The moth of wrath's fur bristles in rage as it notices you.
The moth of wrath attacks as you move away!
The moth of wrath bites you!
The moth of wrath goads the death yak on!
The death yak goes berserk!
The six-headed hydra is struck by your spines.
The six-headed hydra closely misses you.
The six-headed hydra bites you.
The six-headed hydra bites you but does no damage.
The six-headed hydra barely misses you.
The six-headed hydra completely misses you.
The six-headed hydra bites you but does no damage.
The rime drake breathes ice at you. The flash freeze hits you!!
You are encased in ice.
The death yak gores you!!
* * * LOW HITPOINT WARNING * * *
You feel much better. The ice encasing you melts away.
The death yak gores you!!
* * * LOW HITPOINT WARNING * * *
You slice the death yak!!
The death yak looks as sick as possible!
The death yak is moderately wounded.
The death yak gores you but does no damage.
The death yak gores you!
* * * LOW HITPOINT WARNING * * *
The moth of wrath goads the eight-headed hydra on!
The eight-headed hydra goes berserk!
Amyuvoew's ghost hits you.
* * * LOW HITPOINT WARNING * * *
The death yak gores you.
You die...

### ###.### ##.....#####
###..###.....##
#...##.#####..##
##..#......##..# ###
#.##..#....##.##
##.#####.#.#...#...#..#
...##..+.# .#.##@.##.###
......#..##$#FDY#W#©...#
...#...#..#:#FDy.l##.#.#
...##....©#![.h#...#...#
########..#[.#...#.#.#.#
# #.##.$...#.##...# #
#.#..#.#...#..#.# ######
#
#.#..#.#.l.#..#.###.##P#
#
##.##...h...#.##........#


You could see a death yak (berserk, extremely poisoned), an eight-headed hydra
(berserk), a six-headed hydra, a moth of wrath, a basilisk, a black bear, 2
bullfrogs and Amyuvoew's ghost.

Vanquished Creatures
  Gastronok (Lair:1)
  Erica (D:9)
  A two-headed ogre (D:6)
  A lindwurm (Lair:1)
  Joseph (Lair:1)
  A komodo dragon (D:9)
  2 cane toads (Lair:1)
  A rime drake (Lair:1)
  A hornet (D:6)
  Grinder (D:6)
  Prince Ribbit (D:9)
  2 wyverns
  6 yaks (D:9)
  Edmund (D:6)
  6 water moccasins
  A black bear (D:6)
  2 sky beasts (D:7)
  2 ice beasts (D:6)
  2 ogres
  2 centaurs
  3 wolves (Lair:1)
  A phantom (D:5)
  3 kobold brigands (D:9)
  6 bullfrogs
  2 necrophages
  7 wights (D:8)
  5 killer bees (D:8)
  3 howler monkeys
  5 hounds
  2 jellies
  3 orc priests
  2 gnoll boudas (D:9)
  2 iguanas
  3 orc wizards
  7 adders
  9 gnolls
  A shadow imp (D:7)
  An ufetubus (D:4)
  2 worms (D:2)
  4 dart slugs
  27 orcs
  3 ball pythons
  6 bats
  7 endoplasms
  4 giant cockroaches
  15 goblins
  4 hobgoblins
  3 jackals (D:1)
  2 quokkas
  4 frilled lizards
  26 kobolds
  2 rats
210 creatures vanquished.

Vanquished Creatures (others)
  3 fungi (Lair:1)
  10 plants
13 creatures vanquished.

Grand Total: 223 creatures vanquished

Notes
Turn   | Place    | Note
-------+----------+-------------------------------------------
     0 | D:1      | IdlyInterested the Demonspawn Wanderer began the quest for
                  | the Orb.
     0 | D:1      | IdlyInterested set off with the following items: a +2
                  | dagger, 2 scrolls of fear, a scroll of silence, a +0 robe;
                  | and the following spell memorised: Kiss of Death; and the
                  | following spells available to memorise: Stone Arrow.
     0 | D:1      | Reached XP level 1. HP: 13/13 MP: 2/2
   265 | D:1      | Gained mutation: You are partially covered in sharp spines.
                  | [demonic ancestry]
   265 | D:1      | Reached XP level 2. HP: 20/20 MP: 3/3
   414 | D:1      | Reached skill level 1 in Fighting
   482 | D:1      | Found a faded altar of an unknown god.
   516 | D:1      | Gained mutation: You are partially covered in razor-sharp
                  | scales. (AC +1, Slay +1) [demonic ancestry]
   516 | D:1      | Reached XP level 3. HP: 26/26 MP: 4/4
   993 | D:2      | Identified a scroll of acquirement
   993 | D:2      | Acquired the +5 triple sword of the Clean God {venom,
                  | Dex+7}
  1568 | D:2      | Found a blossoming altar of Fedhas.
  1706 | D:3      | Found Acvab's General Store.
  1868 | D:3      | Reached XP level 4. HP: 32/32 MP: 5/5
  2012 | D:3      | Noticed an ogre
  2031 | D:3      | Killed an ogre
  2032 | D:3      | Gained mutation: You are mostly covered in razor-sharp
                  | scales. (AC +2, Slay +2) [demonic ancestry]
  2032 | D:3      | Reached XP level 5. HP: 18/38 MP: 4/6
  2453 | D:4      | Found Ofohaiss's Antique Armour Emporium.
  2550 | D:4      | Reached XP level 6. HP: 41/46 MP: 7/7
  2971 | D:3      | Bought a scroll of brand weapon for 123 gold pieces
  2971 | D:3      | Bought a scroll of identify for 26 gold pieces
  3034 | D:5      | Entered Level 5 of the Dungeon
  3158 | D:5      | Reached skill level 1 in Short Blades
  3301 | D:5      | Reached skill level 5 in Conjurations
  4051 | D:5      | Found a staircase to the Ecumenical Temple.
  4100 | Temple   | Entered the Ecumenical Temple
  4423 | D:6      | Noticed an ice beast
  4429 | D:6      | Noticed an ice beast
  4447 | D:6      | Killed an ice beast
  4448 | D:6      | Gained mutation: You regenerate a little health from kills.
                  | [demonic ancestry]
  4448 | D:6      | Reached XP level 7. HP: 26/52 MP: 8/8
  4496 | D:6      | Noticed a hornet
  4503 | D:6      | Killed a hornet
  4504 | D:6      | Reached skill level 1 in Long Blades
  4513 | D:6      | Reached XP level 8. HP: 41/60 MP: 9/9
  4595 | D:6      | Noticed a two-headed ogre
  4596 | D:6      | Noticed Grinder
  4877 | D:6      | Noticed Edmund
  4885 | D:6      | Killed Edmund
  4986 | D:6      | Killed a two-headed ogre
  5012 | D:6      | Killed Grinder
  5013 | D:6      | Gained mutation: You regenerate health from kills. [demonic
                  | ancestry]
  5013 | D:6      | Reached XP level 9. HP: 59/65 MP: 10/10
  5109 | D:6      | Found a faded altar of an unknown god.
  5109 | D:6      | Found a sacrificial altar of Ru.
  5117 | D:6      | Found a snail-covered altar of Cheibriados.
  5119 | D:6      | Found a hazy altar of Hepliaklqana.
  5120 | D:6      | Found a hide-covered altar of Uskayaw.
  5400 | D:4      | Bought a distressingly furry ring mail for 225 gold pieces
  5400 | D:4      | Identified the +0 ring mail of the Lute {Will+} (You bought
                  | it in a shop on level 4 of the Dungeon)
  5569 | D:7      | Reached skill level 1 in Necromancy
  5753 | D:7      | Reached skill level 5 in Stealth
  6548 | D:8      | Reached skill level 5 in Long Blades
  6832 | D:8      | Reached skill level 5 in Necromancy
  7298 | D:9      | Gained mutation: Your touch may inflict minor irresistible
                  | damage on your foes. [demonic ancestry]
  7298 | D:9      | Reached XP level 10. HP: 71/71 MP: 11/11
  7406 | D:9      | Noticed Prince Ribbit
  7410 | D:9      | Killed Prince Ribbit
  8073 | D:9      | Noticed Erica
  8086 | D:9      | Killed Erica
  8087 | D:9      | Reached skill level 5 in Fighting
  8167 | D:9      | Found an opulent altar of Gozag.
  8462 | D:9      | Found a staircase to the Lair.
  8845 | Temple   | Became a worshipper of Makhleb the Destroyer
  9087 | Lair:1   | Entered Level 1 of the Lair of Beasts
  9130 | Lair:1   | Found a transporter.
  9133 | Lair:1   | Noticed Amyuvoew's ghost (novice MiFi)
  9150 | Lair:1   | Noticed an eight-headed hydra
  9151 | Lair:1   | Noticed a death yak
  9152 | Lair:1   | Noticed a moth of wrath
  9163 | Lair:1   | Noticed a six-headed hydra
  9172 | Lair:1   | Found a transporter.
  9229 | Lair:1   | Noticed Gastronok
  9239 | Lair:1   | Killed Gastronok
  9322 | Lair:1   | Gained mutation: You regenerate a lot of health from kills.
                  | [demonic ancestry]
  9322 | Lair:1   | Reached XP level 11. HP: 28/81 MP: 12/12
  9403 | Lair:1   | Learned a level 4 spell: Anguish
  9403 | Lair:1   | Reached XP level 12. HP: 82/88 MP: 13/13
  9891 | Lair:1   | Noticed Joseph
  9899 | Lair:1   | Killed Joseph
 10189 | Lair:1   | HP: 1/88 [Amyuvoew's ghost (4)]
 10189 | Lair:1   | Slain by a death yak

Illustrated notes

Levels and vault maps discovered:
D:1:      arrival_zaba_pyramid, layout_basic,
          hellmonk_ecumenical_altar_heavens_door
D:2:      layout_loops_cross, basic_altar, st_stairs_2
D:3:      layout_basic, serial_shops,
          nicolae_shop_temple_entry_statues_fountains,
          kennysheep_big_empty_room, minmay_ogre_servants
D:4:      layout_rooms, serial_shops, nicolae_shop_trees
D:5:      layout_basic, minmay_temple_entry_nine_rooms
D:6:      layout_rooms, chequers_temple_overflow_minitemple, interstate_on_off,
          uniq_grinder, uniq_edmund
D:7:      layout_loops_ring, zin_treasury, minivault_19
D:8:      layout_basic
D:9:      layout_stronghold, grunt_gozag_statues, david_lair_shrubbed,
          uniq_erica, uniq_prince_ribbit1
Temple:   nicolae_temple_slightly_damp_pantheon
Lair:1:   layout_roguey, gammafunk_ghost_berserking_beasts, uniq_joseph,
          uniq_gastronok

Skill      XL: |  1  2  3  4  5  6  7  8  9 10 11 12 |
---------------+-------------------------------------+-----
Fighting       | 1 2 3 4 6 |  6.2
Conjurations   | 3 4 5 6 8 9 |  9.0
Dodging        | 2 3 4 |  4.0
Short Blades   | 1 |  1.2
Long Blades    | 1 3 5 6 7 |  7.4
Evocations     | 3 4 |  4.4
Necromancy     | 5 8 9 |  9.2
Stealth        | 5 6 |  6.0
Hexes          | 8 9 |  9.0
Spellcasting   | |  1.0

Action                   |  1- 3 |  4- 6 |  7- 9 | 10-12 || total
-------------------------+-------+-------+-------+-------++-------
Melee: Dagger            |   105 |   126 |     8 |       ||   239
       Triple sword      |       |       |   103 |    98 ||   201
Throw: Stone             |     4 |       |       |       ||     4
       Dart              |       |       |     1 |       ||     1
 Cast: Kiss of Death     |       |     1 |     1 |     1 ||     3
  Use: Scroll            |    10 |     7 |     4 |     3 ||    24
       Potion            |       |     3 |     1 |     3 ||     7
 Stab: Sleeping          |     9 |     5 |    10 |    11 ||    35
       Distracted        |       |     1 |     1 |     2 ||     4
Armor: Robe              |    31 |    25 |    19 |     7 ||    82
       Ring mail         |       |       |    26 |    39 ||    65
Dodge: Dodged            |    43 |    41 |    85 |    86 ||   255
Block: Buckler           |     9 |    35 |     1 |       ||    45

Table legend: (Time is in decaauts)
 A = Elapsed time spent in this place.
 B = Non-inter-level travel time spent in this place.
 C = Inter-level travel time spent in this place.
 D = Time resting spent in this place.
 E = Time spent auto-exploring this place.
 F = Levels seen in this place.
 G = Mean time per level.
                   A        B        C        D        E       F      G
               +--------+--------+--------+--------+--------+-----+--------+
         Total |  10313 |   8584 |   1729 |    507 |   5471 |  11 |  937.5 |
       Dungeon |   8880 |   7276 |   1604 |    304 |   4681 |   9 |  986.7 |
        Temple |    313 |    189 |    124 |      0 |    147 |   1 |  313.0 |
          Lair |   1120 |   1120 |      0 |    203 |    643 |   1 | 1120.0 |
               +--------+--------+--------+--------+--------+-----+--------+

Top non-repeatable levels by time:
     D:5: 1484 daAuts
     D:9: 1254 daAuts
     D:8: 1186 daAuts
  Lair:1: 1120 daAuts
     D:7: 941 daAuts
     D:1: 924 daAuts
     D:6: 922 daAuts
     D:2: 809 daAuts
     D:3: 689 daAuts
     D:4: 667 daAuts
  Temple: 313 daAuts
